 Dungeon Crawl Stone Soup version 0.31-a0-1338-gb567cfdca4 (webtiles) character file.

Game seed: 7614176111751557213

6610 Sobieck the Thaumaturge (level 10, -33/56 HPs)
             Began as a Deep Elf Conjurer on Dec 21, 2023.
             Was a Priest of Vehumet.
             Killed by the air
             ... invoked by Gastronok
              (39 damage)
             ... on level 8 of the Dungeon.
             The game lasted 00:30:04 (13540 turns).

Sobieck the Thaumaturge (Deep Elf Conjurer)        Turns: 13540, Time: 00:30:04

Health: -33/56     AC:  7    Str:  4    XL:     10   Next: 71%
Magic:  21/28      EV: 14    Int: 28    God:    Vehumet [***...]
Gold:   533        SH:  5    Dex: 13    Spells: 19/33 levels left

rFire   . . .        (no weapon)
rCold   . . .        (no shield)
rNeg    . . .        F - +2 robe {Will+}
rPois   .            c - +1 helmet
rElec   .            (no cloak)
rCorr   .            s - +0 pair of gloves
SInv    .            (no boots)
Will    ++...        E - amulet of reflection
Stlth   +++          (no ring)
HPRegen 0.29/turn    (no ring)
MPRegen 0.21/turn

%: reflection
@: no status effects
A: no striking features
a: Renounce Religion


You were on level 8 of the Dungeon.
You worshipped Vehumet.
Vehumet was most pleased with you.
You visited 2 branches of the dungeon, and saw 9 of its levels.
You also visited: Sewer and Ossuary.

You collected 585 gold pieces.
You spent 52 gold pieces at shops.

Inventory:

Hand Weapons
 p - the +0 whip of the Jester {holy, rC++ Will- Int-4}
   (You found it on level 2 of the Dungeon)

   Int-4:     It affects your intelligence (-4).
   rC++:      It greatly protects you from cold.
   Will-:     It decreases your willpower.
Armour
 c - a +1 helmet (worn)
 m - a +0 robe
 s - a +0 pair of gloves (worn)
 F - a +2 robe of willpower (worn)
Magical Staves
 l - a staff of air
 C - a staff of death
Jewellery
 i - a ring of ice
 v - an amulet of guardian spirit
 E - an amulet of reflection (around neck)
Wands
 a - a wand of acid (10)
 t - a wand of polymorph (14)
 G - a wand of mindburst (14)
 P - a wand of paralysis (9)
Scrolls
 b - 6 scrolls of blinking
 e - 2 scrolls of fear
 f - 2 scrolls of vulnerability
 o - a scroll of silence {!r}
 q - 3 scrolls of poison
 r - 3 scrolls of enchant armour
 u - 2 scrolls of enchant weapon
 w - a scroll of fog
 x - 2 scrolls of revelation
 y - a scroll of immolation
 B - a scroll of amnesia
 R - a scroll of identify
 T - 6 scrolls of teleportation
Potions
 d - 4 potions of magic
 g - 2 potions of lignification
 h - 3 potions of might
 j - 2 potions of mutation
 k - 4 potions of heal wounds
 n - a potion of enlightenment
 z - a potion of resistance
 A - 3 potions of cancellation
 D - a potion of invisibility {unknown}
 H - 6 potions of haste
 Q - 4 potions of curing


   Skills:
 + Level 3.5 Fighting
 + Level 5.9 Dodging
 - Level 5.0 Stealth
 + Level 12.3 Spellcasting
 + Level 10.1 Conjurations
 - Level 9.0 Hexes
 - Level 4.0 Translocations


You had 19 spell levels left.
You knew the following spells:

 Your Spells              Type           Power      Damage    Failure   Level
a - Magic Dart            Conj           100%       1d8       1%          1
b - Searing Ray           Conj           100%       2d8       1%          2
c - Fulminant Prism       Conj/Alch      22%        3d12      1%          4
d - Iskenderun's Mystic   Conj/Tloc      54%        2d12      1%          4
e - Mephitic Cloud        Conj/Alch/Air  36%        N/A       1%          3

Your spell library contained the following spells:

 Spells                   Type           Power      Damage    Failure   Level
 Frozen Ramparts          Ice            34%        1d6       2%          3
 Apportation              Tloc           78%        N/A       1%          1
 Sting                    Conj/Alch      100%       1d9       1%          1
 Gell's Gravitas          Tloc           39%        N/A       1%          3
 Stone Arrow              Conj/Erth      90%        3d12      1%          3
 Teleport Other           Tloc           39%        N/A       1%          3
 Necrotise                Necr           68%        1d7       3%          1
 Summon Small Mammal      Summ           68%        N/A       3%          1
 Manifold Assault         Tloc           39%        N/A       6%          4
 Fugue of the Fallen      Necr           17%        N/A       10%         3
 Ozocubu's Armour         Ice            17%        N/A       10%         3
 Animate Armour           Summ/Erth      34%        N/A       30%         4
 Dispersal                Tloc           19%        N/A       67%         6
 Lehudib's Crystal Spear  Conj/Erth      22%        10d6      99%         8


Dungeon Overview and Level Annotations

Branches:
Dungeon (8/15)             Temple (1/1) D:6           Sewer (visited)
Ossuary (visited)
   Lair: D:8-11

Altars:
Ashenzari
Cheibriados
Dithmenos
Elyvilon
Fedhas
Gozag
Hepliaklqana
Kikubaaqudgha
Makhleb
Nemelex Xobeh
Okawaru
Qazlal
Ru
Trog
Uskayaw
Vehumet
Wu Jian
Xom
Yredelemnul
Zin
The Shining One

Shops:
D:3 *   D:5 (!*[

Annotations:
D:4 1 runed translucent door, Crazy Yiuf
D:7 2 transporters, variable76's ghost, novice MiFi
D:8 Gastronok


Message History

Your fulminant prism crackles loudly.
Your fulminant prism explodes!
The blast of energy engulfs the howler monkey!!
You kill the howler monkey!
Vehumet accepts your kill.
You feel your power returning.
You hear a shout!
Unknown command.
Unknown command.
Gastronok is nearby!
Unknown command.
Casting: Fulminant Prism (dangerous; 1% risk of failure)
Confirm with . or Enter, or press ? or * to list all spells.
Aiming: Fulminant Prism (dangerous; 1% risk of failure)
Press: ? - help, Dir - move target, f - you
Okay, then.
Unknown command.
Gastronok makes a strange noise.
Gastronok waves his eye-stalks in wide circles.
The air twists around and strikes you!!
Casting: Fulminant Prism (dangerous; 1% risk of failure)
Confirm with . or Enter, or press ? or * to list all spells.
Aiming: Fulminant Prism (dangerous; 1% risk of failure)
Press: ? - help, Dir - move target You conjure a prism of explosive energy!
A fulminant prism comes into view.
Gastronok bites your fulminant prism!!
Your fulminant prism detonates feebly.
Casting: Fulminant Prism (dangerous; 1% risk of failure)
Confirm with . or Enter, or press ? or * to list all spells.
Aiming: Fulminant Prism (dangerous; 1% risk of failure)
Press: ? - help, Dir - move target You conjure a prism of explosive energy!
A fulminant prism comes into view.
Your fulminant prism crackles loudly.
Gastronok waves his eye-stalks in wide circles.
The air twists around and strikes you!!
Ouch! That really hurt!
* * * LOW HITPOINT WARNING * * *
Your fulminant prism explodes!
The blast of energy engulfs Gastronok!!
Gastronok is heavily wounded.
Casting: Fulminant Prism (dangerous; 1% risk of failure)
Confirm with . or Enter, or press ? or * to list all spells.
Okay, then.
Gastronok waves his eye-stalks in wide circles.
The air twists around and strikes you!!!
Ouch! That really hurt!
You die...
Gastronok gurgles, "Time to dig in!"

≈~≈≈≈≈≈≈~....# #...........#
~~~~~~~≈~....# ###........##
.............#####........#
..))......................#
#####....#########).......###
#.)).#...........#......#
#....#.#######..#######.#
#....#>...)..<.)##......#####
########)#......@...##.#....##...
...........)...........#.#.###.#.
##########.......).......#.....#.
#)#...###)#############.
#########.....###.......# #.
#........)......#..####.# #.
#.........#)..#.#..# #######.
#.......w.#...#)..)# #.......
#.........#...##...####.#.######


You could see Gastronok.

Vanquished Creatures
  A two-headed ogre (D:8)
  Pikel (D:4)
  Joseph (D:8)
  A kobold demonologist (D:8)
  Grinder (D:3)
  Sigmund (D:3)
  A steam dragon (D:7)
  An acid dragon (D:8)
  Edmund (D:5)
  A water moccasin (D:7)
  6 orc warriors
  A sky beast (D:8)
  3 ogres
  2 centaurs
  3 kobold brigands (D:8)
  A lemure (D:4)
  2 brain worms (Sewer)
  2 bullfrogs
  4 scorpions
  A gnoll sergeant (D:8)
  3 water moccasin zombies (Ossuary)
  8 howler monkeys
  A crimson imp (D:5)
  10 hounds
  3 jellies
  2 sleepcaps (D:4)
  2 gnoll boudas
  7 orc priests
  Ijyb (D:3)
  Jessica (D:3)
  9 iguanas
  5 orc wizards
  A crocodile zombie (Ossuary)
  A bullfrog simulacrum (Ossuary)
  3 mummies
  Robin (D:3)
  18 gnolls
  16 adders
  4 river rats
  A shadow imp (D:6)
  2 white imps (D:5)
  3 bombardier beetles
  9 adder zombies (Ossuary)
  3 worms
  3 dart slugs
  38 orcs
  7 endoplasms
  3 giant cockroaches
  6 gnoll zombies (Ossuary)
  16 goblins
  19 hobgoblins
  8 jackals
  12 kobolds
  A quokka (D:2)
  11 ball pythons
  8 bats
  7 frilled lizards
  A hobgoblin zombie (Ossuary)
  10 kobold zombies (Ossuary)
  5 orc zombies (Ossuary)
  12 rats
316 creatures vanquished.

Vanquished Creatures (others)
  124 fulminant prisms
124 creatures vanquished.

Grand Total: 440 creatures vanquished

Notes
Turn   | Place    | Note
-------+----------+-------------------------------------------
     0 | D:1      | Sobieck the Deep Elf Conjurer began the quest for the Orb.
     0 | D:1      | Reached XP level 1. HP: 10/10 MP: 6/6
   172 | D:1      | Reached skill level 1 in Hexes
   175 | D:1      | Reached XP level 2. HP: 15/15 MP: 2/8
  1003 | D:1      | Reached XP level 3. HP: 19/19 MP: 6/10
  1006 | D:1      | Learned a level 2 spell: Searing Ray
  1071 | D:1      | Found a faded altar of an unknown god.
  1259 | D:2      | Reached skill level 4 in Spellcasting
  1368 | D:2      | Reached XP level 4. HP: 24/24 MP: 4/12
  1575 | D:2      | Reached skill level 3 in Hexes
  2169 | D:2      | Reached XP level 5. HP: 26/28 MP: 4/14
  2337 | D:2      | Identified the +0 whip of the Jester {holy, rC++ Will-
                  | Int-4}
  2656 | D:3      | Noticed Ijyb
  2740 | D:3      | Reached skill level 5 in Spellcasting
  2877 | D:3      | Killed Ijyb
  3106 | D:3      | Noticed Sigmund
  3156 | D:3      | Learned a level 4 spell: Fulminant Prism
  3161 | D:3      | Learned a level 4 spell: Iskenderun's Mystic Blast
  3185 | D:3      | Noticed Grinder
  3199 | D:3      | Killed Grinder
  3200 | D:3      | Reached skill level 6 in Spellcasting
  3200 | D:3      | Reached skill level 6 in Conjurations
  3200 | D:3      | Reached XP level 6. HP: 17/32 MP: 6/17
  3273 | D:3      | Noticed Jessica
  3275 | D:3      | Killed Jessica
  3306 | D:3      | Found a transporter.
  3308 | D:3      | Found Zaas's Assorted Antiques.
  3669 | D:3      | Killed Sigmund
  3670 | D:3      | Reached XP level 7. HP: 36/36 MP: 12/19
  3832 | D:3      | Found a transporter.
  3872 | D:3      | Found a faded altar of an unknown god.
  3875 | D:3      | Found a sparkling altar of Nemelex Xobeh.
  4047 | D:3      | Bought an inky potion for 16 gold pieces
  4047 | D:3      | Bought a scroll labelled KUOX OZAUQ for 18 gold pieces
  4047 | D:3      | Bought a scroll labelled KYINATRENK for 18 gold pieces
  4070 | D:3      | Noticed Robin
  4074 | D:3      | Killed Robin
  4129 | D:4      | Reached skill level 7 in Spellcasting
  4129 | D:4      | Reached skill level 6 in Hexes
  4758 | D:4      | Noticed Pikel
  4765 | D:4      | Killed Pikel
  4766 | D:4      | Reached skill level 8 in Spellcasting
  4766 | D:4      | Reached XP level 8. HP: 41/41 MP: 13/22
  4871 | D:4      | Noticed a +0 short sword
  4872 | D:4      | Noticed a +0 dagger
  4872 | D:4      | Noticed a +0 spear
  4873 | D:4      | Noticed a +0 spear
  4873 | D:4      | Noticed a +0 falchion
  4873 | D:4      | Noticed a +0 falchion
  4874 | D:4      | Noticed a +0 short sword
  4874 | D:4      | Noticed a +0 dagger
  4880 | D:4      | Found a hide-covered altar of Uskayaw.
  5288 | D:4      | Found a runed translucent door.
  5289 | D:4      | Noticed Crazy Yiuf
  5603 | D:5      | Entered Level 5 of the Dungeon
  5663 | D:5      | Found Weatzyzu's Weapon Shoppe.
  5785 | D:5      | Found Poxud's General Store.
  6012 | D:5      | Found Cigeudap's Distillery.
  6034 | D:5      | Found Reoheys's Antique Armour Emporium.
  6366 | D:5      | Reached skill level 9 in Spellcasting
  6769 | D:5      | Noticed Edmund
  6779 | D:5      | Killed Edmund
  6919 | D:5      | Found an iron altar of Okawaru.
  7311 | D:6      | Reached XP level 9. HP: 45/45 MP: 16/24
  7668 | D:6      | Reached skill level 9 in Hexes
  7718 | D:6      | Found a staircase to the Ecumenical Temple.
  7736 | Temple   | Entered the Ecumenical Temple
  7745 | Temple   | Became a worshipper of Vehumet
  7874 | D:6      | Found a glowing drain.
  7901 | Sewer    | Entered a sewer
  8039 | Sewer    | Reached skill level 10 in Spellcasting
  8119 | Sewer    | Reached skill level 9 in Conjurations
  8859 | D:7      | Reached * piety under Vehumet
  8859 | D:7      | Offered knowledge of Shock by Vehumet.
  8873 | D:7      | Reached skill level 11 in Spellcasting
  9022 | D:7      | Reached skill level 3 in Stealth
  9022 | D:7      | Reached skill level 1 in Translocations
  9071 | D:7      | Reached skill level 3 in Dodging
  9167 | D:7      | Found a sand-covered staircase.
  9171 | D:7      | Reached skill level 1 in Fighting
  9200 | Ossuary  | Entered an ossuary
  9261 | Ossuary  | Reached ** piety under Vehumet
  9305 | Ossuary  | Offered knowledge of Scorch by Vehumet.
  9711 | Ossuary  | Offered knowledge of Mephitic Cloud by Vehumet.
  9988 | D:7      | Found a shadowy altar of Dithmenos.
 10188 | D:7      | Noticed variable76's ghost (novice MiFi)
 10299 | D:7      | Found a transporter.
 10311 | D:7      | Identified the +0 buckler of the Thistle {-Cast rElec rPois
                  | rN+++}
 10337 | D:7      | Identified the ring of Mazieb {Fly rF- rC+ Str+5}
 10621 | D:7      | Found a transporter.
 10746 | D:8      | Found a glowing silver altar of Zin.
 10755 | D:8      | Found a hazy altar of Hepliaklqana.
 10803 | D:8      | Found a glowing golden altar of the Shining One.
 11203 | D:8      | Reached XP level 10. HP: 53/53 MP: 22/27
 11450 | D:8      | Noticed Joseph
 11511 | D:8      | Reached *** piety under Vehumet
 11637 | D:8      | Learned a level 3 spell: Mephitic Cloud
 11913 | D:8      | Noticed a two-headed ogre
 11938 | D:8      | Killed a two-headed ogre
 11939 | D:8      | Reached skill level 3 in Translocations
 12140 | D:8      | Killed Joseph
 12280 | D:8      | Offered knowledge of Frozen Ramparts by Vehumet.
 12325 | D:8      | Reached skill level 12 in Spellcasting
 12452 | D:8      | Reached skill level 3 in Fighting
 13206 | D:8      | Noticed Gastronok
 13540 | D:8      | Killed from afar by Gastronok

Illustrated notes

Levels and vault maps discovered:
D:1:      dpeg_arrival_rhombus, layout_basic,
          hellmonk_ecumenical_altar_leap_of_faith, minmay_door_square,
          nicolae_kite_square_tiling_tiny
D:2:      layout_basic, minmay_fractal_squares_5
D:3:      layout_basic, nicolae_overflow_ecumenical_swirl, serial_shops,
          nicolae_shop_drivethru, uniq_ijyb, uniq_robin, uniq_sigmund,
          uniq_grinder, uniq_jessica
D:4:      minmay_general_purpose_star, layout_basic, nicolae_uskayaw_en_pointe,
          uniq_pikel, uniq_crazy_yiuf_cottage
D:5:      wad_crossroads, layout_basic, old_standard_altar, serial_shops, shop,
          nicolae_shop_window_shopping, nicolae_shop_window_shopping,
          nicolae_shop_window_shopping, minmay_fire_ice_demons, uniq_edmund
D:6:      layout_cave_pools, minmay_temple_entry_grid, portal_sewer_entry_b,
          hex_medium
D:7:      layout_basic, mainiacjoe_overflow_small_starburst,
          gammafunk_ghost_gnarly_gnolls, gup_ossuary_entry_pyramid
D:8:      lemuel_castle_with_subvaults [lemuel_castle_interior_carwin_1],
          layout_basic, mainiacjoe_overflow_six_doors_small, tso_metal_star,
          mainiacjoe_overflow_alcove_2, uniq_joseph, uniq_gastronok
Temple:   eino_temple_lava

Skill      XL: |  1  2  3  4  5  6  7  8  9 10 |
---------------+-------------------------------+-----
Hexes          | 1 2 3 4 5 7 8 9 |  9.0
Spellcasting   | 4 6 8 9 11 12 | 12.3
Conjurations   | 5 6 7 8 9 10 | 10.1
Stealth        | 4 5 |  5.0
Translocations | 2 4 |  4.0
Dodging        | 4 5 |  5.9
Fighting       | 2 3 |  3.5

Action                     |  1- 3 |  4- 6 |  7- 9 | 10-12 || total
---------------------------+-------+-------+-------+-------++-------
   Cast: Magic Dart        |    66 |    97 |   149 |     1 ||   313
         Searing Ray       |     1 |    13 |    55 |       ||    69
         Fulminant Prism   |       |       |    46 |    78 ||   124
         Iskenderun's Myst |       |       |    14 |    25 ||    39
         Mephitic Cloud    |       |       |       |     3 ||     3
    Use: Scroll            |       |       |    24 |       ||    24
 Armour: Robe              |     1 |     8 |    50 |    15 ||    74
         Skin              |       |       |     2 |       ||     2
  Dodge: Dodged            |     1 |     3 |    50 |     4 ||    58
  Block: Other             |       |       |       |     4 ||     4
         Reflection        |       |       |       |     3 ||     3

Table legend: (Time is in decaauts)
 A = Elapsed time spent in this place.
 B = Non-inter-level travel time spent in this place.
 C = Inter-level travel time spent in this place.
 D = Time resting spent in this place.
 E = Time spent auto-exploring this place.
 F = Levels seen in this place.
 G = Mean time per level.
                   A        B        C        D        E       F      G
               +--------+--------+--------+--------+--------+-----+--------+
         Total |  13606 |  13223 |    383 |   2541 |   8241 |  11 | 1236.9 |
       Dungeon |  12160 |  11786 |    374 |   2085 |   7688 |   8 | 1520.0 |
        Temple |     18 |      9 |      9 |      0 |      0 |   1 |   18.0 |
         Sewer |    826 |    826 |      0 |    104 |    553 |   1 |  826.0 |
       Ossuary |    600 |    600 |      0 |    352 |      0 |   1 |  600.0 |
               +--------+--------+--------+--------+--------+-----+--------+

Top non-repeatable levels by time:
     D:8: 2882 daAuts
     D:5: 1754 daAuts
     D:2: 1573 daAuts
     D:4: 1544 daAuts
     D:3: 1352 daAuts
     D:1: 1192 daAuts
     D:7: 982 daAuts
     D:6: 876 daAuts
   Sewer: 826 daAuts
 Ossuary: 600 daAuts
  Temple: 18 daAuts
